 Dungeon Crawl Stone Soup version 0.23.1-37-gaa34b87 (webtiles) character file.

Game seed: 1137532675810640965

29 Borgoz the Sneak (level 3, -2/20 HPs)
             Began as a Kobold Enchanter on Mar 21, 2019.
             Slain by a hobgoblin
             ... wielding a +0 club
              (4 damage)
             ... on level 2 of the Dungeon.
             The game lasted 00:01:32 (1214 turns).

Borgoz the Sneak (Kobold Enchanter)                 Turns: 1214, Time: 00:01:33

Health: -2/20      AC:  2    Str:  6    XL:     3   Next: 32%
Magic:  0/6        EV: 21    Int: 16    God:
Gold:   71         SH:  0    Dex: 20    Spells: 3/6 levels left

rFire    . . .     SeeInvis .   a - +1 dagger
rCold    . . .     Gourm    .   (shield restricted)
rNeg     . . .     Faith    .   b - +0 robe
rPois    .         Spirit   +   (no helmet)
rElec    .         Reflect  .   (no cloak)
rCorr    .         Harm     .   (no gloves)
MR       .....                  (no boots)
Stlth    ++++......             f - amulet of guardian spirit
HPRegen  0.06/turn              (no ring)
MPRegen  0.10/turn              (no ring)

@: agile, lethally poisoned (-2 -> -5)
A: small, carnivore
a: no special abilities


You were on level 2 of the Dungeon.
You were not hungry.

You visited 1 branch of the dungeon, and saw 2 of its levels.

You collected 71 gold pieces.

Inventory:

Hand Weapons
 a - a +1 dagger (weapon)
Armour
 b - a +0 robe (worn)
Jewellery
 f - an amulet of guardian spirit (around neck)
Scrolls
 c - a scroll of identify {unknown}
 g - a scroll of enchant weapon {unknown}
 h - a scroll of remove curse {unknown}
 i - 2 scrolls of blinking {unknown}
 j - a scroll of immolation {unknown}
Potions
 e - a potion of agility
Comestibles
 d - 3 rations


   Skills:
 + Level 0.6 Fighting
 + Level 1.8 Short Blades
 * Level 0.7 Armour
 + Level 2.7 Dodging
 + Level 4.1 Stealth
 + Level 2.3 Spellcasting
 * Level 3.2 Hexes
 + Level 0.5 Ice Magic


You had 3 spell levels left.
You knew the following spells:

 Your Spells              Type           Power        Failure   Level  Hunger
a - Corona                Hex            ##.....      5%          1    #......
b - Ensorcelled Hibernat  Hex/Ice        #.....       14%         2    ###....

Your spell library contained the following spells:

 Spells                   Type           Power        Failure   Level  Hunger
 Confuse                  Hex            ##......     16%         3    ###....
 Tukima's Dance           Hex            ##......     16%         3    ###....
 Dazzling Spray           Conj/Hex       #.....       30%         3    ###....


Dungeon Overview and Level Annotations

Branches:
Dungeon (2/15)

Altars:


Innate Abilities, Weirdness & Mutations

You are small and have problems with some larger weapons.
You are carnivorous and can eat meat at any time.


Message History

The hobgoblin completely misses you.
You miss the adder.
The adder is heavily wounded.
The adder misses you. The hobgoblin misses you.
You hit the adder.
The adder is heavily wounded.
The adder closely misses you.
You hit the adder but do no damage.
The adder is heavily wounded.
* * * LOW HITPOINT WARNING * * *
You feel sick. The adder closely misses you. The hobgoblin misses you.
You closely miss the adder.
The adder is heavily wounded.
The adder bites you.
* * * LOW HITPOINT WARNING * * *
The hobgoblin barely misses you. The adder misses you.
You hit the adder.
The adder is severely wounded.
The hobgoblin hits you with a +0 club.
You die...

#.# #.# #..... #.#
#..... #
#.###..... .#
#.#...... ...
#.#..... ###....
#.#....####.......
#.##.......g......
#.##......@S....<.
#.##..............
#.##..............
#.#..........###..
#.'............ .
###.............
#.....##.......
#............?.
#####......


You could see an adder and a hobgoblin.

Vanquished Creatures
  An ooze (D:1)
  3 dart slugs
  4 bats (D:1)
  A hobgoblin (D:1)
  A kobold (D:1)
  A quokka (D:2)
  A ball python (D:1)
  A frilled lizard (D:1)
  4 goblins (D:1)
  3 rats (D:1)
20 creatures vanquished.

Notes
Turn   | Place    | Note
-------+----------+-------------------------------------------
     0 | D:1      | Borgoz the Kobold Enchanter began the quest for the Orb.
     0 | D:1      | Reached XP level 1. HP: 10/10 MP: 3/3
   257 | D:1      | Reached XP level 2. HP: 8/15 MP: 3/5
   638 | D:1      | Learned a level 2 spell: Ensorcelled Hibernation
   679 | D:1      | Reached XP level 3. HP: 20/20 MP: 6/6
  1214 | D:2      | Slain by a hobgoblin

Action                   || total
-------------------------++-------
Melee: Dagger            ||    87
 Cast: Ensorcelled Hiber ||     4
  Use: Potion            ||     1
 Stab: Sleeping          ||     5
       Distracted        ||     1
  Eat: Chunk             ||     5
Armor: Robe              ||    17
Dodge: Dodged            ||    69
